 Dungeon Crawl Stone Soup version 0.21.1-1-g345015f (webtiles) character file.

752 Fang the Shield-Bearer (level 7, -1/43 HPs)
             Began as a Gargoyle Fighter on May 8, 2018.
             Killed from afar by Theoretic's ghost (6 damage)
             ... with a puff of flame
             ... on level 4 of the Dungeon.
             The game lasted 00:08:11 (3632 turns).

Fang the Shield-Bearer (Gargoyle Fighter)           Turns: 3632, Time: 00:08:11

Health: -1/43      AC: 13    Str: 21    XL:     7   Next: 78%
Magic:  7/7        EV:  9    Int:  9    God:
Gold:   177        SH: 10    Dex:  9    Spells: 6/6 levels left

rFire    + . .     SeeInvis +   p - +3 whip (drain)
rCold    . . .     Gourm    .   c - +0 shield
rNeg     + . .     Faith    .   b - +1 scale mail
rPois    ∞         Spirit   .   (no helmet)
rElec    +         Reflect  .   (no cloak)
rCorr    .         Harm     .   (no gloves)
MR       .....                  (no boots)
Stlth    ..........             (no amulet)
HPRegen  0.14/turn              e - ring of protection from fire
MPRegen  0.10/turn              n - ring of see invisible

@: no status effects
A: negative energy resistance 1, electricity resistance, unbreathing,
petrification resistance, rot immunity, AC +4
a: no special abilities


You were on level 4 of the Dungeon.
You were hungry.

You visited 1 branch of the dungeon, and saw 4 of its levels.
You also visited: Sewer.

You collected 177 gold pieces.

Inventory:

Hand Weapons
 a - a +0 war axe
 j - a +4 spear
 p - a +3 whip of draining (weapon)
Armour
 b - a +1 scale mail (worn)
 c - a +0 shield (worn)
Jewellery
 e - a ring of protection from fire (left hand)
 n - a ring of see invisible (right hand)
Scrolls
 i - 2 scrolls of identify
 m - 2 scrolls of remove curse
Potions
 d - 2 potions of might
 g - a potion of resistance
 k - a potion of lignification
 q - 5 potions of curing
 r - 3 potions of heal wounds
 t - 2 potions of flight
Comestibles
 f - 4 rations
 h - a chunk of flesh


   Skills:
 + Level 4.2 Fighting
 + Level 2.5(3.4) Axes
 + Level 2.7(3.3) Maces & Flails
 + Level 1.9(2.6) Polearms
 + Level 5.1 Armour
 + Level 2.6 Dodging
 + Level 5.6 Shields


You had 6 spell levels left.
You didn't know any spells.

Dungeon Overview and Level Annotations

Branches:
Dungeon (4/15)
 Temple: D:4-7

Altars:
Ashenzari
Nemelex Xobeh
Okawaru
Sif Muna
Xom

Annotations:
D:4 Theoretic's ghost, amateur DsFE


Innate Abilities, Weirdness & Mutations

You are resistant to torment.
Your stone body is resilient. (AC +4)
You are immune to poison.
You resist negative energy. (rN+)
You are resistant to electric shocks. (rElec)
You can survive without breathing.
You are immune to petrification.
You are immune to rotting.


Message History

You barely miss the worker ant.
The worker ant is almost dead.
The orc barely misses you. Theoretic's ghost hits you.
* * * LOW HITPOINT WARNING * * *
The orc closely misses you. You block the worker ant's attack.
The orc barely misses you.
The hound zombie bites you but does no damage.
You hit the worker ant.
You kill the worker ant!
The orc hits you.
* * * LOW HITPOINT WARNING * * *
Theoretic's ghost hits you but does no damage.
You block the hound zombie's attack. The orc barely misses you.
You block the orc's attack.
The hound zombie bites you but does no damage.
The orc hits you.
* * * LOW HITPOINT WARNING * * *
Theoretic's ghost casts a spell at you. The puff of flame hits you! You resist.
You die...

..........=........#
...................######
.........................
..............?..........
.................).......
.................))......
.......o.a...............
.......oZoW......)[######
......).@).........#
........)..........#
...................#
...................#
...................#
..............$....#
...........>.......#
#...#....###.##.### #####


You could see a worker ant, Theoretic's ghost, 3 orcs and a hound zombie.

Vanquished Creatures
  A phantom (D:4)
  3 big kobolds (Sewer)
  An orc priest (D:4)
  2 orc wizards (D:4)
  A bullfrog skeleton (D:4)
  2 worker ants (D:4)
  9 adders
  4 gnolls (D:2)
  8 river rats (Sewer)
  2 oozes
  2 worms (D:2)
  2 dart slugs (D:1)
  3 leopard geckos
  6 orcs (D:4)
  4 ball pythons
  4 giant cockroaches
  5 goblins
  8 hobgoblins
  17 kobolds
  A quokka (D:2)
  A ball python zombie (D:4)
  4 bats
  5 frilled lizards
  A leopard gecko skeleton (D:4)
  20 rats
116 creatures vanquished.

Vanquished Creatures (others)
  2 orcs (D:4)
2 creatures vanquished.

Grand Total: 118 creatures vanquished

Notes
Turn   | Place    | Note
-------+----------+-------------------------------------------
     0 | D:1      | Fang the Gargoyle Fighter began the quest for the Orb.
     0 | D:1      | Reached XP level 1. HP: 14/14 MP: 1/1
   134 | D:1      | Reached XP level 2. HP: 16/19 MP: 2/2
   460 | D:2      | Reached XP level 3. HP: 10/23 MP: 3/3
   650 | D:2      | Found a deep blue altar of Sif Muna.
   817 | D:2      | Reached XP level 4. HP: 29/29 MP: 4/4
  1421 | D:2      | Reached skill level 1 in Polearms
  1528 | D:2      | Found a sparkling altar of Nemelex Xobeh.
  1529 | D:2      | Reached skill level 1 in Dodging
  1534 | D:2      | Found an iron altar of Okawaru.
  1708 | D:2      | Reached XP level 5. HP: 20/33 MP: 5/5
  1729 | D:2      | Found a shimmering altar of Xom.
  1858 | D:3      | Found a glowing drain.
  1901 | Sewer    | Entered a sewer
  2215 | Sewer    | Reached XP level 6. HP: 34/38 MP: 6/6
  2295 | Sewer    | Reached skill level 1 in Maces & Flails
  2402 | Sewer    | Reached skill level 5 in Shields
  2402 | Sewer    | Reached XP level 7. HP: 41/43 MP: 7/7
  2504 | Sewer    | Got a brightly glowing scale mail
  2515 | Sewer    | Identified the cursed +0 scale mail "Vouluix" {rN+} (You found it in a sewer)
  2740 | D:3      | Found a shattered altar of Ashenzari.
  3477 | D:4      | Reached skill level 5 in Armour
  3592 | D:4      | Noticed Theoretic's ghost (amateur DsFE)
  3632 | D:4      | Killed from afar by Theoretic's ghost

Skill      XL: |  1  2  3  4  5  6  7 |
---------------+----------------------+-----
Axes           | 2 |  2.5
Polearms       | 1 |  1.9
Dodging        | 1 2 |  2.6
Armour         | 4 5 |  5.1
Shields        | 4 5 |  5.6
Fighting       | 4 |  4.2
Maces & Flails | 2 |  2.7

Action                   |  1- 3 |  4- 6 |  7- 9 || total
-------------------------+-------+-------+-------++-------
Melee: War axe           |    62 |       |       ||    62
       Spear             |    22 |   116 |       ||   138
       Whip              |       |   138 |   123 ||   261
  Use: Scroll            |       |       |    10 ||    10
       Potion            |       |       |     2 ||     2
  Eat: Chunk             |       |     5 |     4 ||     9
Armor: Scale mail        |    37 |   147 |   168 ||   352
Dodge: Dodged            |    25 |    91 |   127 ||   243
Block: Shield            |    39 |   162 |   153 ||   354
